 Dungeon Crawl Stone Soup version 0.20-a0-268-gb6bde61 (webtiles) character file.

597 TheClayne the Chopper (level 7, -1/60 HPs)
             Began as a Hill Orc Berserker on Dec 7, 2016.
             Was a Priest of Trog.
             Succumbed to an orc wizard's poison
             ... on level 5 of the Dungeon.
             The game lasted 00:24:18 (3615 turns).

TheClayne the Chopper (Hill Orc Berserker)          Turns: 3615, Time: 00:24:18

Health: -1/60      AC: 12    Str: 22    XL:     7   Next: 40%
Magic:  7/7        EV: 10    Int:  7    God:    Trog [***...]
Gold:   89         SH:  3    Dex: 10    Spells: 6/6 levels left

rFire  . . .     SeeInvis .     s - +0 hand axe (curse)
rCold  . . .     Gourm    .     f - +1 scale mail
rNeg   . . .     Faith    .     m - +0 buckler (curse)
rPois  .         Spirit   .     u - +2 helmet
rElec  .         Reflect  .     (no cloak)
rCorr  .         Harm     .     p - +0 pair of gloves (curse)
MR     .....                    (no boots)
Stlth  ..........               (no amulet)
                                (no ring)
                                (no ring)

@: lethally poisoned (-1 -> -77), exhausted, about to teleport, slowed, very
slow
A: no striking features
a: Berserk, Trog's Hand, Burn Spellbooks, Renounce Religion


You were on level 5 of the Dungeon.
You worshipped Trog.
Trog was most pleased with you.
You were not hungry.

You visited 1 branch of the dungeon, and saw 5 of its levels.

You collected 89 gold pieces.

Inventory:

Hand Weapons
 a - a +2 hand axe
 j - the +5 dagger "Romelykh" {drain, rF+ rN+}
   (You found it on level 1 of the Dungeon)

   A truly terrible weapon, it drains the life of those it strikes.
   It protects you from fire.
   It protects you from negative energy.
 s - a cursed +0 hand axe (weapon)
 E - a +0 great sword of draining
Armour
 b - a +0 animal skin
 f - a +1 scale mail (worn)
 k - a +0 helmet
 m - a cursed +0 buckler (worn)
 p - a cursed +0 pair of gloves (worn)
 u - a +2 helmet (worn)
 x - a +0 chain mail
Wands
 D - a wand of digging (6/24)
Scrolls
 l - a scroll of enchant weapon
 q - 2 scrolls of identify
 t - a scroll of immolation {unknown}
 v - 2 scrolls of remove curse {unknown}
 y - a scroll of magic mapping
 A - a scroll of enchant armour
 C - a scroll of fear {unknown}
Potions
 d - 4 potions of curing
 e - a potion of agility {unknown}
 i - a potion of flight
 n - a potion of might {unknown}
 o - a potion of mutation {unknown}
 r - 2 potions of brilliance {unknown}
 F - a potion of heal wounds {unknown}
Comestibles
 c - a bread ration
 g - a royal jelly
 h - a slice of pizza
 w - a meat ration
 z - 4 fruits
 B - a beef jerky


   Skills:
 + Level 4.8 Fighting
 + Level 1.4 Short Blades
 + Level 7.7 Axes
 + Level 4.4 Armour
 + Level 2.5 Dodging
 + Level 1.0 Stealth
 + Level 1.4 Shields


You had 6 spell levels left.
You didn't know any spells.

Dungeon Overview and Level Annotations

Branches:
Dungeon (5/15)
 Temple: D:4-7

Altars:
Nemelex Xobeh
Yredelemnul


Message History

You are more poisoned.
You barely miss something.
You feel very sick.
Something hits you but does no damage. x2
You are more poisoned.
You hit something but do no damage.
* * * LOW HITPOINT WARNING * * *
You feel very sick. Something hits you but does no damage.
You are more poisoned.
You miss something.
* * * LOW HITPOINT WARNING * * *
You feel very sick. Something hits you but does no damage.
You are more poisoned.
Something hits you but does no damage.
You are more poisoned.
As you read the scroll of teleportation, it crumbles to dust.
You feel strangely unstable.
You die...

#<# .## #.# ..
###.####.###
#..........
#.#......#.
#.#####..#
#.....)).#
######{)†#.####
#.....@........
#.#..........##
#.###......#
... .......#
#.. #......#
... #......# .
#......#
...#####


There were no monsters in sight!

Vanquished Creatures
  An ogre (D:4)
  Blork the orc (D:4)
  A scorpion (D:4)
  2 orc priests (D:5)
  6 orc wizards
  A worker ant (D:3)
  7 adders
  2 oozes
  2 worms
  4 dart slugs
  A leopard gecko (D:3)
  7 orcs
  2 ball pythons
  4 bats
  3 giant cockroaches
  7 goblins
  7 hobgoblins
  8 kobolds
  A quokka (D:3)
  A ball python skeleton (D:3)
  4 frilled lizards
  A jackal skeleton (D:4)
  A leopard gecko skeleton (D:4)
  6 rats
80 creatures vanquished.

Notes
Turn   | Place    | Note
-------+----------+-------------------------------------------
     0 | D:1      | TheClayne the Hill Orc Berserker began the quest for the Orb.
     0 | D:1      | Reached XP level 1. HP: 19/19 MP: 1/1
   171 | D:1      | Got an iridescent dagger
   172 | D:1      | Identified the +5 dagger "Romelykh" {drain, rF+ rN+} (You found it on level 1 of the Dungeon)
   216 | D:1      | Reached XP level 2. HP: 27/27 MP: 2/2
   545 | D:1      | Reached XP level 3. HP: 30/33 MP: 3/3
  1361 | D:2      | Reached XP level 4. HP: 41/41 MP: 4/4
  1405 | D:2      | Reached skill level 1 in Short Blades
  1405 | D:2      | Reached skill level 5 in Axes
  1472 | D:2      | Reached ** piety under Trog
  1791 | D:3      | Found a sparkling altar of Nemelex Xobeh.
  1791 | D:3      | Found a basalt altar of Yredelemnul.
  2026 | D:3      | Reached XP level 5. HP: 47/47 MP: 5/5
  2310 | D:3      | Reached skill level 6 in Axes
  2327 | D:3      | Reached XP level 6. HP: 15/53 MP: 6/6
  2863 | D:4      | Noticed Blork the orc
  2881 | D:4      | Killed Blork the orc
  2915 | D:4      | Reached skill level 7 in Axes
  2915 | D:4      | Reached skill level 1 in Shields
  2915 | D:4      | Reached XP level 7. HP: 46/60 MP: 7/7
  3576 | D:5      | Entered Level 5 of the Dungeon
  3592 | D:5      | Reached *** piety under Trog
  3594 | D:5      | Reached skill level 1 in Stealth
  3615 | D:5      | Succumbed to an orc wizard's poison

Vault maps used:
D:1:      lightli_arrival_quake, minivault_5
D:3:      gammafunk_temple_overflow_wave, first_bread, moated_statue
D:4:      marbit_many_paths, okawaru_gym_becter, uniq_blork_the_orc
D:5:      xom_teletrap_fun, slow_altar_2, uniq_duvessa, uniq_sigmund

Skill      XL: |  1  2  3  4  5  6  7 |
---------------+----------------------+-----
Fighting       | 4 |  4.8
Short Blades   | 1 |  1.4
Axes           | 5 6 7 |  7.7
Armour         | 3 4 |  4.4
Dodging        | 2 |  2.5
Shields        | 1 |  1.4
Stealth        | 1 |  1.0

Action                   |  1- 3 |  4- 6 |  7- 9 || total
-------------------------+-------+-------+-------++-------
Melee: Hand axe          |    11 |   111 |    36 ||   158
       Dagger            |    60 |    20 |       ||    80
Invok: Berserk           |       |     3 |     1 ||     4
  Use: Scroll            |     9 |       |     1 ||    10
  Eat: Meat ration       |     1 |       |       ||     1
       Bread ration      |       |     1 |     1 ||     2
Armor: Scale mail        |    30 |   111 |    24 ||   165
Dodge: Dodged            |    39 |    74 |    10 ||   123
Block: Buckler           |       |    21 |     2 ||    23
